PIO (24 & UNDER)
SASKATOON SMOKIN' GUNS @ COLORADO COMMANDERS
04/12/2027
 
TOP OF THE 1ST
Saskatoon Smokin' Guns batting - Pitching for Colorado Commanders : RHP Héctor Rodríguez
Pitching: RHP Héctor Rodríguez
Batting: LHB Alejandro Rojas 0-0: SINGLE (Flyball, 8LS)
Batting: RHB Johnny MacNamara 0-0: Ball
1-0: Swinging Strike
1-1: Foul Ball, location: 2F
1-2: Strikes out swinging
Batting: RHB José Chávez 0-0: Called Strike
0-1: Ball
1-1: Ball
2-1: Foul Ball, location: 2F
2-2: Grounds into double play, 5-4-3 (Groundball, 56)
Top of the 1st over - 0 run(s), 1 hit(s), 0 error(s), 0 left on base; Saskatoon 0 - Colorado 0
BOTTOM OF THE 1ST
Colorado Commanders batting - Pitching for Saskatoon Smokin' Guns : RHP Sloan Numbers
Pitching: RHP Sloan Numbers
Batting: SHB Pancho Vásquez 0-0: Called Strike
0-1: Foul Ball, location: 2F
0-2: Ball
1-2: Foul Ball, location: 2F
1-2: Ball
2-2: Ground out U3 (Groundball, 34)
Batting: RHB Frank Martínez 0-0: Ground out 6-3 (Groundball, 6)
Batting: LHB Juan Torres 0-0: Swinging Strike
0-1: Swinging Strike
0-2: Foul Ball, location: 2F
0-2: Ball
1-2: Ground out 4-3 (Groundball, 4)
Bottom of the 1st over - 0 run(s), 0 hit(s), 0 error(s), 0 left on base; Saskatoon 0 - Colorado 0
TOP OF THE 2ND
Saskatoon Smokin' Guns batting - Pitching for Colorado Commanders : RHP Héctor Rodríguez
Batting: RHB César Rodríguez 0-0: Ball
1-0: Ball
2-0: Called Strike
2-1: Foul Ball, location: 2F
2-2: Ball
3-2: Base on Balls
Batting: RHB Rijk de Rade 0-0: Ball
1-0: SINGLE (Groundball, 15S) (infield hit)
César Rodríguez to second
Batting: RHB Ben Fisher 0-0: Foul Ball, location: 2F
0-1: Fly out, F9 (Flyball, 89XD)
Runner from 2nd tags up, SAFE at 3rd, no throw
Batting: LHB Rubén Salazar 0-0: Called Strike
0-1: Ball
Rijk de Rade steals 2nd base
1-1: Ball
2-1: Ball
3-1: Foul Ball, location: 2F
3-2: Foul Ball, location: 2F
3-2: Fly out, F4 (Popup, 4)
Batting: LHB Bo Rush 0-0: Fly out, F8 (Flyball, 89S)
Top of the 2nd over - 0 run(s), 1 hit(s), 0 error(s), 2 left on base; Saskatoon 0 - Colorado 0
BOTTOM OF THE 2ND
Colorado Commanders batting - Pitching for Saskatoon Smokin' Guns : RHP Sloan Numbers
Batting: LHB Michael Barrett 0-0: Ball
1-0: Ball
2-0: Called Strike
2-1: Ground out 4-3 (Groundball, 4)
Batting: SHB Theodore Cook 0-0: Called Strike
0-1: Ball
1-1: Swinging Strike
1-2: Ball
2-2: Strikes out swinging
Batting: RHB Félix Campos 0-0: Fly out, F7 (Flyball, 7)
Bottom of the 2nd over - 0 run(s), 0 hit(s), 0 error(s), 0 left on base; Saskatoon 0 - Colorado 0
TOP OF THE 3RD
Saskatoon Smokin' Guns batting - Pitching for Colorado Commanders : RHP Héctor Rodríguez
Batting: SHB Michael Miller 0-0: Ball
1-0: Ground out U3 (Groundball, 34)
Batting: LHB Alejandro Rojas 0-0: Called Strike
0-1: SINGLE (Groundball, 4MD)
Batting: RHB Johnny MacNamara 0-0: Ball
Alejandro Rojas steals 2nd base
1-0: Called Strike
1-1: 2-RUN HOME RUN (Flyball, 78XD), Distance : 390 ft
Batting: RHB José Chávez 0-0: Ball
1-0: Ball
2-0: Called Strike
2-1: Swinging Strike
2-2: Strikes out swinging
Batting: RHB César Rodríguez 0-0: Called Strike
0-1: SOLO HOME RUN (Flyball, 8LXD), Distance : 430 ft
Batting: RHB Rijk de Rade 0-0: Called Strike
0-1: Fly out, F5 (Line Drive, 56)
Top of the 3rd over - 3 run(s), 3 hit(s), 0 error(s), 0 left on base; Saskatoon 3 - Colorado 0
BOTTOM OF THE 3RD
Colorado Commanders batting - Pitching for Saskatoon Smokin' Guns : RHP Sloan Numbers
Batting: RHB Mike Martin 0-0: Foul Ball, location: 2F
0-1: Ball
1-1: Ground out 5-3 (Groundball, 56)
Batting: RHB Clarence Robertson 0-0: Called Strike
0-1: SINGLE (Line Drive, 6M)
Batting: RHB Gerald Johnson 0-0: Ball
1-0: Ball
2-0: Called Strike
2-1: Ball
3-1: Base on Balls
Clarence Robertson to second
Batting: SHB Pancho Vásquez 0-0: Ball
1-0: Fielders Choice at 2nd, 3-6 (Groundball, 34)
Clarence Robertson to third
Batting: RHB Frank Martínez 0-0: Fly out, F8 (Flyball, 8RM)
Bottom of the 3rd over - 0 run(s), 1 hit(s), 0 error(s), 2 left on base; Saskatoon 3 - Colorado 0
TOP OF THE 4TH
Saskatoon Smokin' Guns batting - Pitching for Colorado Commanders : RHP Héctor Rodríguez
Batting: RHB Ben Fisher 0-0: Swinging Strike
0-1: Ball
1-1: Ball
2-1: Called Strike
2-2: Foul Ball, location: 2F
2-2: Strikes out looking
Batting: LHB Rubén Salazar 0-0: Ball
1-0: SINGLE (Groundball, 4MD)
Batting: LHB Bo Rush 0-0: Ball
Rubén Salazar steals 2nd base
1-0: Foul Ball, location: 2F
1-1: Swinging Strike
1-2: SINGLE (Flyball, 8LS)
Rubén Salazar to third
Batting: SHB Michael Miller 0-0: Called Strike
0-1: Ball
1-1: Foul Ball, location: 2F
1-2: Strikes out swinging
Batting: LHB Alejandro Rojas 0-0: Called Strike
0-1: Swinging Strike
0-2: Ball
1-2: Foul Ball, location: 2F
1-2: Ball
2-2: Ball
3-2: Base on Balls
Bo Rush to second
Batting: RHB Johnny MacNamara 0-0: Ball
1-0: Ball
2-0: Ball
3-0: Base on Balls
Rubén Salazar scores
Bo Rush to third
Alejandro Rojas to second
Batting: RHB José Chávez 0-0: Called Strike
0-1: Hit by Pitch
Bo Rush scores
Alejandro Rojas to third
Johnny MacNamara to second
Batting: RHB César Rodríguez 0-0: Ball
1-0: Ball
2-0: Called Strike
2-1: Ball
3-1: Base on Balls
Alejandro Rojas scores
Johnny MacNamara to third
José Chávez to second
Pitching: RHP Bill Davis
Batting: RHB Rijk de Rade 0-0: Swinging Strike
0-1: Ball
1-1: Ball
Wild Pitch!
Johnny MacNamara scores
José Chávez to third
César Rodríguez to second
2-1: Ball
3-1: Called Strike
3-2: Foul Ball, location: 2F
3-2: Base on Balls
Batting: RHB Ben Fisher 0-0: Called Strike
0-1: Ball
1-1: Foul Ball, location: 2F
1-2: SINGLE (Groundball, 6M) (infield hit)
José Chávez scores
César Rodríguez to third
Rijk de Rade to second
Batting: LHB Rubén Salazar 0-0: Foul Ball, location: 2F
0-1: GRAND SLAM HOME RUN (Flyball, 89XD), Distance : 396 ft
Batting: LHB Bo Rush 0-0: Ball
1-0: Called Strike
1-1: Ball
2-1: Ball
3-1: Base on Balls
Pitching: RHP Joe King
Batting: SHB Michael Miller 0-0: Called Strike
0-1: Foul Ball, location: 2F
0-2: Strikes out swinging
Top of the 4th over - 9 run(s), 4 hit(s), 0 error(s), 1 left on base; Saskatoon 12 - Colorado 0
BOTTOM OF THE 4TH
Colorado Commanders batting - Pitching for Saskatoon Smokin' Guns : RHP Sloan Numbers
Batting: LHB Juan Torres 0-0: Fly out, F9 (Flyball, 89M)
Batting: LHB Michael Barrett 0-0: Called Strike
0-1: Ball
1-1: Foul Ball, location: 2F
1-2: Strikes out looking
Batting: SHB Theodore Cook 0-0: Called Strike
0-1: Foul Ball, location: 2F
0-2: Strikes out swinging
Bottom of the 4th over - 0 run(s), 0 hit(s), 0 error(s), 0 left on base; Saskatoon 12 - Colorado 0
TOP OF THE 5TH
Saskatoon Smokin' Guns batting - Pitching for Colorado Commanders : RHP Joe King
Batting: LHB Alejandro Rojas 0-0: Fly out, F2 (Popup, 5S)
Batting: RHB Johnny MacNamara 0-0: Called Strike
0-1: Ball
1-1: Ball
2-1: Foul Ball, location: 2F
2-2: Strikes out swinging
Batting: RHB José Chávez 0-0: Ground out 5-3 (Groundball, 56)
Top of the 5th over - 0 run(s), 0 hit(s), 0 error(s), 0 left on base; Saskatoon 12 - Colorado 0
BOTTOM OF THE 5TH
Colorado Commanders batting - Pitching for Saskatoon Smokin' Guns : RHP Sloan Numbers
Batting: RHB Félix Campos 0-0: Ball
1-0: Ground out 5-3 (Groundball, 5L)
Batting: RHB Mike Martin 0-0: Swinging Strike
0-1: Foul Ball, location: 2F
0-2: Ball
1-2: Ball
2-2: Ball
3-2: Base on Balls
Batting: RHB Clarence Robertson 0-0: Fly out, F4 (Line Drive, 4)
Batting: RHB Gerald Johnson 0-0: Ball
Mike Martin steals 2nd base
1-0: Swinging Strike
1-1: SINGLE (Groundball, 56D)
Mike Martin to third
Runner from 3rd tries for Home, SAFE, no throw
Batting: SHB Pancho Vásquez 0-0: Ball
1-0: Foul Ball, location: 2F
1-1: Fielders Choice at 2nd, 4-6 (Groundball, 4)
Bottom of the 5th over - 1 run(s), 1 hit(s), 0 error(s), 0 left on base; Saskatoon 12 - Colorado 1
TOP OF THE 6TH
Saskatoon Smokin' Guns batting - Pitching for Colorado Commanders : RHP Joe King
Batting: RHB César Rodríguez 0-0: Called Strike
0-1: Called Strike
0-2: SINGLE (Flyball, 9LS)
Batting: RHB Rijk de Rade 0-0: Ball
César Rodríguez steals 2nd base
1-0: Ball
2-0: Foul Ball, location: 2F
2-1: Ball
3-1: Base on Balls
Batting: RHB Ben Fisher 0-0: Called Strike
0-1: Foul Ball, location: 2F
0-2: Foul Ball, location: 2F
0-2: Ball
1-2: Foul Ball, location: 2F
1-2: Ball
2-2: Grounds into double play, 6-4-3 (Groundball, 6)
César Rodríguez to third
Batting: LHB Rubén Salazar 0-0: Ball
1-0: Ball
2-0: Ball
3-0: Base on Balls
Batting: LHB Bo Rush 0-0: Ball
1-0: Swinging Strike
1-1: Ball
2-1: SINGLE (Groundball, 6D)
César Rodríguez scores
Rubén Salazar to second
Batting: SHB Michael Miller 0-0: Ball
1-0: Called Strike
1-1: Ground out 3-1 (Groundball, 23)
Top of the 6th over - 1 run(s), 2 hit(s), 0 error(s), 2 left on base; Saskatoon 13 - Colorado 1
BOTTOM OF THE 6TH
Colorado Commanders batting - Pitching for Saskatoon Smokin' Guns : RHP Sloan Numbers
Batting: RHB Frank Martínez 0-0: Ball
1-0: Called Strike
1-1: Called Strike
1-2: Strikes out swinging
Batting: LHB Juan Torres 0-0: Called Strike
0-1: Ball
1-1: SINGLE (Line Drive, 56D)
Batting: LHB Michael Barrett 0-0: Called Strike
0-1: Called Strike
Juan Torres steals 2nd base
0-2: Ground out 5-3 (Groundball, 56)
Pinch Hitting: RHB Ray Ervin 0-0: Ball
1-0: SINGLE (Line Drive, 7LM)
Juan Torres to third
Runner from 3rd tries for Home, SAFE, no throw
Batting: RHB Félix Campos 0-0: Swinging Strike
0-1: Ball
1-1: Foul Ball, location: 2F
1-2: Foul Ball, location: 2F
1-2: Ball
2-2: Strikes out swinging
Bottom of the 6th over - 1 run(s), 2 hit(s), 0 error(s), 1 left on base; Saskatoon 13 - Colorado 2
TOP OF THE 7TH
Saskatoon Smokin' Guns batting - Pitching for Colorado Commanders : RHP Joe King
Pitching: LHP Manuel Reyes
Now in LF: Ray Ervin
Batting: LHB Alejandro Rojas 0-0: Swinging Strike
0-1: Foul Ball, location: 2F
0-2: Ball
1-2: Foul Ball, location: 2F
1-2: SINGLE (Line Drive, 34D)
Batting: RHB Johnny MacNamara 0-0: Ball
1-0: Called Strike
1-1: Called Strike
Alejandro Rojas is caught stealing 2nd base
1-2: Ball
2-2: Fly out, F8 (Flyball, 8RXD)
Batting: RHB José Chávez 0-0: Foul Ball, location: 2F
0-1: Ball
1-1: Ball
2-1: Ball
3-1: Foul Ball, location: 2F
3-2: Base on Balls
Batting: RHB César Rodríguez 0-0: Called Strike
0-1: Ball
1-1: Foul Ball, location: 2F
1-2: SINGLE (Groundball, 6D)
José Chávez to second
Batting: RHB Rijk de Rade 0-0: Foul Ball, location: 2F
0-1: Ball
1-1: SINGLE (Groundball, 6MD)
José Chávez to third
César Rodríguez to second
Batting: RHB Ben Fisher 0-0: Ball
1-0: Fielders Choice at 2nd, 5-4 (Groundball, 5)
Top of the 7th over - 0 run(s), 3 hit(s), 0 error(s), 2 left on base; Saskatoon 13 - Colorado 2
BOTTOM OF THE 7TH
Colorado Commanders batting - Pitching for Saskatoon Smokin' Guns : RHP Sloan Numbers
Batting: RHB Mike Martin 0-0: Called Strike
0-1: Foul Ball, location: 2F
0-2: Strikes out swinging
Batting: RHB Clarence Robertson 0-0: Fly out, F8 (Flyball, 8RM)
Batting: RHB Gerald Johnson 0-0: Ball
1-0: Fly out, F7 (Flyball, 7)
Bottom of the 7th over - 0 run(s), 0 hit(s), 0 error(s), 0 left on base; Saskatoon 13 - Colorado 2
TOP OF THE 8TH
Saskatoon Smokin' Guns batting - Pitching for Colorado Commanders : LHP Manuel Reyes
Batting: LHB Rubén Salazar 0-0: Called Strike
0-1: Ball
1-1: Ball
2-1: Ground out 6-3 (Groundball, 6M)
Batting: LHB Bo Rush 0-0: Called Strike
0-1: Ball
1-1: Ball
2-1: Foul Ball, location: 2F
2-2: Strikes out swinging
Batting: SHB Michael Miller 0-0: Ball
1-0: Ball
2-0: Ball
3-0: Called Strike
3-1: Swinging Strike
3-2: Base on Balls
Batting: LHB Alejandro Rojas 0-0: Ball
1-0: Called Strike
1-1: Ball
2-1: Swinging Strike
2-2: Foul Ball, location: 2F
2-2: Ball
3-2: Strikes out swinging
Top of the 8th over - 0 run(s), 0 hit(s), 0 error(s), 1 left on base; Saskatoon 13 - Colorado 2
BOTTOM OF THE 8TH
Colorado Commanders batting - Pitching for Saskatoon Smokin' Guns : RHP Sloan Numbers
Batting: SHB Pancho Vásquez 0-0: Fly out, F8 (Line Drive, 8LM)
Batting: RHB Frank Martínez 0-0: Ball
1-0: Foul Ball, location: 2F
1-1: Ball
2-1: Called Strike
2-2: Foul Ball, location: 2F
2-2: Fly out, F9 (Flyball, 9D)
Batting: LHB Juan Torres 0-0: Foul Ball, location: 2F
0-1: Ball
1-1: Ball
2-1: Foul Ball, location: 2F
2-2: Ball
3-2: Ground out 6-3 (Groundball, 6)
Bottom of the 8th over - 0 run(s), 0 hit(s), 0 error(s), 0 left on base; Saskatoon 13 - Colorado 2
TOP OF THE 9TH
Saskatoon Smokin' Guns batting - Pitching for Colorado Commanders : LHP Manuel Reyes
Pitching: RHP Fred Scott
Batting: RHB Johnny MacNamara 0-0: Ball
1-0: Hit by Pitch
Batting: RHB José Chávez 0-0: Foul Ball, location: 2F
0-1: Foul Ball, location: 2F
0-2: Foul Ball, location: 2F
0-2: Ball
1-2: Fly out, F9 (Flyball, 89M)
Batting: RHB César Rodríguez 0-0: Ball
1-0: Called Strike
1-1: Ball
2-1: Ball
3-1: Swinging Strike
3-2: Base on Balls
Johnny MacNamara to second
Pinch Hitting: RHB Xavier López 0-0: Called Strike
0-1: Called Strike
0-2: Grounds into double play, 5-4-3 (Groundball, 56)
Top of the 9th over - 0 run(s), 0 hit(s), 0 error(s), 1 left on base; Saskatoon 13 - Colorado 2
BOTTOM OF THE 9TH
Colorado Commanders batting - Pitching for Saskatoon Smokin' Guns : RHP Sloan Numbers
Pitching: RHP Denny Koch
Now at SS: Xavier López
Batting: LHB Michael Barrett 0-0: Ball
1-0: Ball
2-0: Fly out, F7 (Flyball, 78M)
Batting: RHB Ray Ervin 0-0: Called Strike
0-1: Ball
1-1: Foul Ball, location: 2F
1-2: Ball
2-2: Ground out 4-3 (Groundball, 4)
Batting: RHB Félix Campos 0-0: Ball
1-0: Called Strike
1-1: Swinging Strike
1-2: Foul Ball, location: 2F
1-2: Strikes out looking
Bottom of the 9th over - 0 run(s), 0 hit(s), 0 error(s), 0 left on base; Saskatoon 13 - Colorado 2
Thursday, March 30th, 2017 - OOTP Baseball 17.12 Build 75